TOP OF THE 1ST |
Idaho Falls Chukars batting - Pitching for York Revolution : RHP Carlos Peret
|
Pitching: RHP Carlos Peret
|
|
Batting: RHB Fernando Granados
|
0-0: Called Strike 0-1: Called Strike 0-2: Strikes out swinging
|
Batting: RHB Michael Bradshaw
|
0-0: Ball 1-0: Foul Ball, location: 2F 1-1: SINGLE (Line Drive, 78M)
|
Batting: SHB Pablo Coloa
|
0-0: Called Strike 0-1: Fly out, F4 (Popup, 3D)
|
Batting: RHB Adrian Rodgers
|
0-0: Ball 1-0: Called Strike 1-1: Ball 2-1: Ball 3-1: Called Strike 3-2: Strikes out swinging
|
Top of the 1st over - 0 run(s), 1 hit(s), 0 error(s), 1 left on base; Idaho Falls 0 - York 0 |
BOTTOM OF THE 1ST |
York Revolution batting - Pitching for Idaho Falls Chukars : RHP José Macías
|
Pitching: RHP José Macías
|
|
Batting: RHB José Urruticodez
|
0-0: Ball 1-0: Swinging Strike 1-1: Ball 2-1: Ball 3-1: Base on Balls
|
Batting: RHB Martín Placido
|
0-0: Called Strike 0-1: Ball 1-1: Ball 2-1: Fielders Choice at 2nd, 3-6 (Groundball, 34)
|
Batting: SHB Zuberi Mccray
|
0-0: Ball 1-0: Called Strike Martín Placido steals 2nd base 1-1: Ball 2-1: Ball 3-1: Ground out 6-3 (Groundball, 6M) Martín Placido to third
|
Batting: RHB José Ruíz
|
0-0: Foul Ball, location: 2F 0-1: Fly out, F9 (Popup, 9S)
|
Bottom of the 1st over - 0 run(s), 0 hit(s), 0 error(s), 1 left on base; Idaho Falls 0 - York 0 |
TOP OF THE 2ND |
Idaho Falls Chukars batting - Pitching for York Revolution : RHP Carlos Peret
|
Batting: RHB Tan Bal
|
0-0: Ball 1-0: Called Strike 1-1: Called Strike 1-2: Ball 2-2: Strikes out swinging
|
Batting: LHB Armando Peña
|
0-0: Swinging Strike 0-1: Fly out, F9 (Flyball, 9M)
|
Batting: RHB Scott Ramsey
|
0-0: Ball 1-0: Ball 2-0: Ball 3-0: Called Strike 3-1: Base on Balls
|
Batting: LHB Frank Sharp
|
0-0: Ball 1-0: Ball Wild Pitch! Scott Ramsey to second 2-0: Foul Ball, location: 2F 2-1: Called Strike 2-2: Ball 3-2: Foul Ball, location: 2F 3-2: Strikes out swinging
|
Top of the 2nd over - 0 run(s), 0 hit(s), 0 error(s), 1 left on base; Idaho Falls 0 - York 0 |
BOTTOM OF THE 2ND |
York Revolution batting - Pitching for Idaho Falls Chukars : RHP José Macías
|
Batting: LHB Harold Wiggins
|
0-0: Ball 1-0: Called Strike 1-1: Ball 2-1: Ball 3-1: Foul Ball, location: 2F 3-2: SINGLE (Line Drive, 6D)
|
Batting: SHB Roberto Córdova
|
0-0: Ball 1-0: Foul Ball, location: 2F 1-1: Ball 2-1: Fielders Choice at 2nd, 1-6 (Groundball, 13S)
|
Batting: RHB Alwin Vreekamp
|
0-0: Ball 1-0: Called Strike 1-1: Swinging Strike 1-2: Ball 2-2: Foul Ball, location: 2F 2-2: SINGLE (Line Drive, 8LS) Roberto Córdova to second
|
Batting: RHB Manuel García
|
0-0: Called Strike Throwing error on steal attempt, E2 Roberto Córdova scores Alwin Vreekamp to third 0-1: Ball 1-1: Ground out U3 (Groundball, 3S)
|
Batting: RHB Carlos Meléndez
|
0-0: Called Strike 0-1: Swinging Strike 0-2: Ball 1-2: Fly out, F9 (Flyball, 9M)
|
Bottom of the 2nd over - 1 run(s), 2 hit(s), 1 error(s), 1 left on base; Idaho Falls 0 - York 1 |
TOP OF THE 3RD |
Idaho Falls Chukars batting - Pitching for York Revolution : RHP Denis Leleu
|
Pitching: RHP Denis Leleu
|
|
Batting: SHB Félix Medina
|
0-0: Ball 1-0: Foul Ball, location: 2F 1-1: Ground out 4-3 (Groundball, 4)
|
Batting: RHB Fernando Granados
|
0-0: Ball 1-0: Foul Ball, location: 2F 1-1: Ball 2-1: Fly out, F7 (Flyball, 7M)
|
Batting: RHB Michael Bradshaw
|
0-0: Ball 1-0: Called Strike 1-1: Foul Ball, location: 2F 1-2: Ball 2-2: Foul Ball, location: 2F 2-2: Ball 3-2: Base on Balls
|
Batting: SHB Pablo Coloa
|
0-0: Called Strike Michael Bradshaw steals 2nd base 0-1: Swinging Strike 0-2: Foul Ball, location: 2F 0-2: Ground out 4-3 (Groundball, 4)
|
Top of the 3rd over - 0 run(s), 0 hit(s), 0 error(s), 1 left on base; Idaho Falls 0 - York 1 |
BOTTOM OF THE 3RD |
York Revolution batting - Pitching for Idaho Falls Chukars : RHP Rick Kennedy
|
Pitching: RHP Rick Kennedy
|
|
Batting: RHB José Urruticodez
|
0-0: Ball 1-0: Ball 2-0: Called Strike 2-1: Swinging Strike 2-2: Ball 3-2: Strikes out swinging
|
Batting: RHB Martín Placido
|
0-0: Ball 1-0: Called Strike 1-1: Swinging Strike 1-2: Strikes out swinging
|
Batting: SHB Zuberi Mccray
|
0-0: Called Strike 0-1: Fly out, F3 (Popup, 3S)
|
Bottom of the 3rd over - 0 run(s), 0 hit(s), 0 error(s), 0 left on base; Idaho Falls 0 - York 1 |
TOP OF THE 4TH |
Idaho Falls Chukars batting - Pitching for York Revolution : RHP Denis Leleu
|
Batting: RHB Adrian Rodgers
|
0-0: Ball 1-0: Swinging Strike 1-1: Swinging Strike 1-2: Ball 2-2: Ball 3-2: Strikes out looking
|
Batting: RHB Tan Bal
|
0-0: Ball 1-0: Foul Ball, location: 2F 1-1: Ball 2-1: Ball 3-1: Base on Balls
|
Batting: LHB Armando Peña
|
0-0: Ball 1-0: Ball 2-0: Foul Ball, location: 2F 2-1: Called Strike 2-2: Foul Ball, location: 2F 2-2: Ball 3-2: SINGLE (Groundball, 6M) Tan Bal to second Tan Bal to third
|
Batting: RHB Scott Ramsey
|
0-0: Ball Armando Peña steals 2nd base 1-0: Ball 2-0: Swinging Strike 2-1: Fly out, F3 (Popup, 3DF)
|
Batting: LHB Frank Sharp
|
0-0: Ball 1-0: SINGLE (Line Drive, 78S) Tan Bal scores Armando Peña to third Runner from 3rd tries for Home, SAFE, no throw or cutoff
|
Batting: SHB Félix Medina
|
0-0: Ball 1-0: Ball 2-0: Called Strike 2-1: 2-RUN HOME RUN (Flyball, 89XD), Distance : 435 ft
|
Pitching: RHP Manny Merico
|
|
Batting: RHB Fernando Granados
|
0-0: Called Strike 0-1: Ball 1-1: Called Strike 1-2: Strikes out swinging
|
Top of the 4th over - 4 run(s), 3 hit(s), 0 error(s), 0 left on base; Idaho Falls 4 - York 1 |
BOTTOM OF THE 4TH |
York Revolution batting - Pitching for Idaho Falls Chukars : RHP Rick Kennedy
|
Batting: RHB José Ruíz
|
0-0: Ball 1-0: Foul Ball, location: 2F 1-1: Foul Ball, location: 2F 1-2: Ball 2-2: Strikes out swinging
|
Batting: LHB Harold Wiggins
|
0-0: Foul Ball, location: 2F 0-1: Ball 1-1: SINGLE (Groundball, 4MD)
|
Batting: SHB Roberto Córdova
|
0-0: SINGLE (Groundball, 6M) (infield hit) Harold Wiggins to second
|
Batting: RHB Alwin Vreekamp
|
0-0: Fly out, F8 (Flyball, 8LM)
|
Batting: RHB Manuel García
|
0-0: Ball 1-0: Called Strike 1-1: Foul Ball, location: 2F 1-2: Ball 2-2: Fly out, F9 (Flyball, 9M)
|
Bottom of the 4th over - 0 run(s), 2 hit(s), 0 error(s), 2 left on base; Idaho Falls 4 - York 1 |
TOP OF THE 5TH |
Idaho Falls Chukars batting - Pitching for York Revolution : RHP Manny Merico
|
Batting: RHB Michael Bradshaw
|
0-0: Ball 1-0: Ball 2-0: Swinging Strike 2-1: Foul Ball, location: 2F 2-2: SINGLE (Flyball, 7LS)
|
Batting: SHB Pablo Coloa
|
0-0: Called Strike 0-1: Ball 1-1: Ball 2-1: Called Strike 2-2: Foul Ball, location: 2F 2-2: Fly out, F8 (Flyball, 8RD) Runner from 1st tags up, SAFE at 2nd
|
Batting: RHB Adrian Rodgers
|
0-0: Ball 1-0: Called Strike Michael Bradshaw steals 3rd base 1-1: Fly out, F7 (Flyball, 7M) Runner from 3rd tags up, SCORES, no throw
|
Batting: RHB Tan Bal
|
0-0: Ball 1-0: Called Strike 1-1: Swinging Strike 1-2: Strikes out swinging
|
Top of the 5th over - 1 run(s), 1 hit(s), 0 error(s), 0 left on base; Idaho Falls 5 - York 1 |
BOTTOM OF THE 5TH |
York Revolution batting - Pitching for Idaho Falls Chukars : RHP Rick Kennedy
|
Batting: RHB Carlos Meléndez
|
0-0: Ground out 5-3 (Groundball, 5)
|
Batting: RHB José Urruticodez
|
0-0: Called Strike 0-1: Ground out 4-3 (Groundball, 4)
|
Batting: RHB Martín Placido
|
0-0: Ball 1-0: Ball 2-0: Ball 3-0: Called Strike 3-1: Foul Ball, location: 2F 3-2: Foul Ball, location: 2F 3-2: Strikes out swinging
|
Bottom of the 5th over - 0 run(s), 0 hit(s), 0 error(s), 0 left on base; Idaho Falls 5 - York 1 |
TOP OF THE 6TH |
Idaho Falls Chukars batting - Pitching for York Revolution : RHP Manny Merico
|
Batting: LHB Armando Peña
|
0-0: Called Strike 0-1: Ball 1-1: Ball 2-1: Foul Ball, location: 2F 2-2: SINGLE (Groundball, 3L)
|
Batting: RHB Scott Ramsey
|
0-0: Bunted foul 0-1: Sac Bunt - play at first, batter OUT! 3-4 Armando Peña to second
|
Batting: LHB Frank Sharp
|
0-0: Intentional Walk
|
Batting: SHB Félix Medina
|
0-0: Fly out, F7 (Flyball, 7LMF)
|
Batting: RHB Fernando Granados
|
0-0: Ball 1-0: Called Strike 1-1: Foul Ball, location: 2F 1-2: Foul Ball, location: 2F 1-2: Fly out, F4 (Popup, 4D)
|
Top of the 6th over - 0 run(s), 1 hit(s), 0 error(s), 2 left on base; Idaho Falls 5 - York 1 |
BOTTOM OF THE 6TH |
York Revolution batting - Pitching for Idaho Falls Chukars : RHP Rick Kennedy
|
Batting: SHB Zuberi Mccray
|
0-0: Foul Ball, location: 2F 0-1: Ground out 4-3 (Groundball, 4)
|
Batting: RHB José Ruíz
|
0-0: Ball 1-0: Fly out, F7 (Flyball, 78M)
|
Batting: LHB Harold Wiggins
|
0-0: Foul Ball, location: 2F 0-1: Ball 1-1: Ball 2-1: Swinging Strike 2-2: Foul Ball, location: 2F 2-2: Ball 3-2: Strikes out swinging
|
Bottom of the 6th over - 0 run(s), 0 hit(s), 0 error(s), 0 left on base; Idaho Falls 5 - York 1 |
TOP OF THE 7TH |
Idaho Falls Chukars batting - Pitching for York Revolution : RHP Manny Merico
|
Batting: RHB Michael Bradshaw
|
0-0: Ball 1-0: Called Strike 1-1: Called Strike 1-2: Ball 2-2: Ball 3-2: Foul Ball, location: 2F 3-2: Base on Balls
|
Batting: SHB Pablo Coloa
|
0-0: Ball 1-0: SINGLE (Groundball, 13) (infield hit) Michael Bradshaw to second
|
Batting: RHB Adrian Rodgers
|
0-0: Ball 1-0: Called Strike 1-1: Swinging Strike 1-2: Ball 2-2: Strikes out swinging
|
Batting: RHB Tan Bal
|
0-0: Ball Michael Bradshaw steals 3rd base Pablo Coloa to second 1-0: Called Strike 1-1: Hit by Pitch
|
Batting: LHB Armando Peña
|
0-0: Ball 1-0: Fly out, F8 (Flyball, 8LM) Runner from 3rd tags up, SCORES, no throw
|
Batting: RHB Scott Ramsey
|
0-0: Ball 1-0: Swinging Strike 1-1: Ball 2-1: Called Strike 2-2: Fielders Choice at 2nd, 6-4 (Groundball, 6)
|
Top of the 7th over - 1 run(s), 1 hit(s), 0 error(s), 1 left on base; Idaho Falls 6 - York 1 |
BOTTOM OF THE 7TH |
York Revolution batting - Pitching for Idaho Falls Chukars : RHP Rick Kennedy
|
Batting: SHB Roberto Córdova
|
0-0: Ball 1-0: Ball 2-0: Ball 3-0: Base on Balls
|
Batting: RHB Alwin Vreekamp
|
0-0: Fly out, F1 (Popup, 13)
|
Batting: RHB Manuel García
|
0-0: Ball 1-0: Fly out, F7 (Flyball, 7S)
|
Batting: RHB Carlos Meléndez
|
0-0: Called Strike 0-1: Ball 1-1: Ball 2-1: Ball 3-1: Called Strike 3-2: Strikes out swinging
|
Bottom of the 7th over - 0 run(s), 0 hit(s), 0 error(s), 1 left on base; Idaho Falls 6 - York 1 |
TOP OF THE 8TH |
Idaho Falls Chukars batting - Pitching for York Revolution : RHP Manny Merico
|
Batting: LHB Frank Sharp
|
0-0: Called Strike 0-1: Swinging Strike 0-2: Ball 1-2: Strikes out swinging
|
Batting: SHB Félix Medina
|
0-0: Swinging Strike 0-1: Ball 1-1: Ground out 4-3 (Groundball, 4M)
|
Batting: RHB Fernando Granados
|
0-0: Called Strike 0-1: Swinging Strike 0-2: SINGLE (Groundball, 56) (infield hit)
|
Pinch Runner at 1st Miguel Luna:
|
|
Batting: RHB Michael Bradshaw
|
0-0: Ball Miguel Luna steals 2nd base 1-0: Ball 2-0: Ground out 4-3 (Groundball, 34)
|
Top of the 8th over - 0 run(s), 1 hit(s), 0 error(s), 1 left on base; Idaho Falls 6 - York 1 |
BOTTOM OF THE 8TH |
York Revolution batting - Pitching for Idaho Falls Chukars : RHP Rick Kennedy
|
Now in CF: Miguel Luna
|
|
Batting: RHB José Urruticodez
|
0-0: Ball 1-0: Foul Ball, location: 2F 1-1: Ground out 4-3 (Groundball, 4)
|
Batting: RHB Martín Placido
|
0-0: Ball 1-0: Fly out, F9 (Flyball, 9S)
|
Batting: SHB Zuberi Mccray
|
0-0: Swinging Strike 0-1: Ball 1-1: Ball 2-1: Swinging Strike 2-2: Ball 3-2: Foul Ball, location: 2F 3-2: Strikes out looking
|
Bottom of the 8th over - 0 run(s), 0 hit(s), 0 error(s), 0 left on base; Idaho Falls 6 - York 1 |
TOP OF THE 9TH |
Idaho Falls Chukars batting - Pitching for York Revolution : RHP Manny Merico
|
Batting: SHB Pablo Coloa
|
0-0: Swinging Strike 0-1: Foul Ball, location: 2F 0-2: Strikes out looking
|
Batting: RHB Adrian Rodgers
|
0-0: Foul Ball, location: 2F 0-1: Ball 1-1: Foul Ball, location: 2F 1-2: Ball 2-2: Ball 3-2: Base on Balls
|
Batting: RHB Tan Bal
|
0-0: Ball 1-0: Ball 2-0: Called Strike 2-1: Ball 3-1: SINGLE (Line Drive, 89S) Adrian Rodgers to second
|
Batting: LHB Armando Peña
|
0-0: Ball 1-0: Swinging Strike 1-1: Ball 2-1: Foul Ball, location: 2F 2-2: Ground out 4-3 (Groundball, 4S) Adrian Rodgers to third Tan Bal to second
|
Batting: RHB Scott Ramsey
|
0-0: Ball 1-0: Ball 2-0: Called Strike 2-1: Ball 3-1: SINGLE (Line Drive, 78S) Adrian Rodgers scores Tan Bal to third Runner from 3rd tries for Home, SAFE, no throw or cutoff
|
Pitching: LHP Bill Talley
|
|
Batting: LHB Frank Sharp
|
0-0: Called Strike 0-1: Foul Ball, location: 2F 0-2: Fly out, F8 (Flyball, 8LM)
|
Top of the 9th over - 2 run(s), 2 hit(s), 0 error(s), 1 left on base; Idaho Falls 8 - York 1 |
BOTTOM OF THE 9TH |
York Revolution batting - Pitching for Idaho Falls Chukars : RHP Rick Kennedy
|
Batting: RHB José Ruíz
|
0-0: SINGLE (Line Drive, 89M)
|
Batting: LHB Harold Wiggins
|
0-0: Ball 1-0: Ball 2-0: Swinging Strike 2-1: Called Strike 2-2: Strikes out swinging
|
Pitching: RHP Jim Unknown
|
|
Batting: SHB Roberto Córdova
|
0-0: Foul Ball, location: 2F 0-1: Ball 1-1: SINGLE (Line Drive, 34D) José Ruíz to second
|
Batting: RHB Alwin Vreekamp
|
0-0: Ball 1-0: Ball 2-0: Fly out, F9 (Flyball, 9LM)
|
Pinch Hitting: LHB Marcos Deleón
|
0-0: Ball 1-0: Foul Ball, location: 2F 1-1: Swinging Strike 1-2: Ball 2-2: Strikes out swinging
|
Bottom of the 9th over - 0 run(s), 2 hit(s), 0 error(s), 2 left on base; Idaho Falls 8 - York 1 |
|